AoeStats
← deagle

Arena

506545656Analyzed
2v2 RM · 17d ago on Sep 14, 2026· 45m 41s· 4 players
Game mode
Random Map
Map size
Medium (4 player)
Population
200
Speed
Normal
Resources
Standard
Victory
Conquest
Starting age
Dark Age
Ending age
Imperial Age
RankedLock teamsTeams togetherTeam positionsShared explorationLock speedFull tech treeHidden civsTurbo modeCheats
Victory
Defeat
🇺🇸 Malay · United States
1156
+16
🇺🇸 Malians · United States
1139
+16
🇧🇴 Shu · Bolivia
1151
-16
🇦🇷 Cumans · Argentina
1144
-16
deagle
10:12 Feudal Age
12:26 Double-Bit Axe
13:03 Horse Collar
19:47 Castle Age
21:51 Bow Saw
24:41 Wheelbarrow
28:53 Hand Cart
32:31 Heavy Plow
32:37 Stone Mining
32:40 Gold Mining
34:04 Gold Shaft Mining
38:04 Imperial Age
35:53 Town Watch
35:54 Loom
40:31 Chemistry
39:52 Ballistics
41:42 Masonry
41:58 Fletching
42:48 Bloodlines
41:58 Light Cavalry
43:12 Forging
43:08 Scale Barding Armor
43:41 Conscription
42:46 Hussar
44:30 Iron Casting
43:27 Onager
46:31 Blast Furnace
45:55 Chain Barding Armor
LRN1_HunterAllen
10:34 Feudal Age
11:31 Loom
14:42 Castle Age
13:08 Double-Bit Axe
13:21 Horse Collar
13:37 Gold Mining
15:34 Bow Saw
39:55 Wheelbarrow
39:41 Crossbowman
45:23 Ballistics
CTC boohoodman
10:41 Feudal Age
14:31 Castle Age
14:09 Loom
16:25 Gold Mining
24:43 Forging
37:17 Imperial Age
35:58 Double-Bit Axe
37:10 Iron Casting
38:12 Horse Collar
41:38 Elite Gbeto
45:55 Scale Mail Armor
KeenWallaby
11:36 Feudal Age
13:55 Double-Bit Axe
16:38 Castle Age
14:50 Horse Collar
16:31 Scale Barding Armor
16:50 Bow Saw
19:30 Husbandry
23:22 Gold Mining
27:35 Wheelbarrow
26:46 Loom
28:38 Heavy Plow
30:05 Stone Mining
29:41 Crossbowman
30:28 Thumb Ring
33:09 Imperial Age
30:26 Town Watch
32:11 Thumb Ring
33:33 Fletching
33:55 Forging
34:30 Hand Cart
35:27 Chemistry
34:39 Masonry
34:18 Pikeman
35:57 Squires
35:43 Arson
36:47 Bodkin Arrow
36:54 Padded Archer Armor
38:48 Ballistics
41:26 Bracer
42:02 Iron Casting
41:16 Arbalester
42:29 Siege Engineers
42:07 Treadmill Crane
42:56 Halberdier
Connection lost

Rejoining the realm…

Still unreachable

The connection could not be restored.

Session expired

The server has moved on; the page needs a fresh start.